 Dungeon Crawl Stone Soup version 0.31-a0-963-ga325b2283a (webtiles) character file.

Game seed: 9741550535828668214

44 Gladio the Slasher (level 3, 0/29 HPs)
             Began as a Demigod Gladiator on Oct 25, 2023.
             Killed by nerve-wracking pain
             ... invoked by Jessica
              (10 damage)
             ... on level 2 of the Dungeon.
             The game lasted 00:01:21 (755 turns).

Gladio the Slasher (Demigod Gladiator)               Turns: 755, Time: 00:01:21

Health: 0/29       AC:  4    Str: 15    XL:     3   Next: 22%
Magic:  5/5        EV: 13    Int: 10    God:
Gold:   32         SH:  0    Dex: 19    Spells: 2/2 levels left

rFire   . . .        a - +0 long sword
rCold   . . .        (no shield)
rNeg    . . .        b - +0 leather armour
rPois   .            c - +0 helmet
rElec   .            (no cloak)
rCorr   .            (no gloves)
SInv    .            (no boots)
Will    .....        (no amulet)
Stlth   +            (no ring)
HPRegen 0.24/turn    (no ring)
MPRegen 0.09/turn

%: no passive effects
@: no status effects
A: high MP 1, forlorn, divine attributes
a: no special abilities


You were on level 2 of the Dungeon.
You visited 1 branch of the dungeon, and saw 2 of its levels.

You collected 32 gold pieces.

Inventory:

Hand Weapons
 a - a +0 long sword (weapon)
Missiles
 d - 3 throwing nets (quivered)
 e - a javelin
 h - 6 boomerangs
Armour
 b - a +0 leather armour (worn)
 c - a +0 helmet (worn)
Scrolls
 j - a scroll of identify {unknown}
 l - a scroll of fog {unknown}
Potions
 f - 2 potions of heal wounds {unknown}
 g - 3 potions of curing {unknown}
 i - a potion of might {unknown}
 k - a potion of degeneration {unknown}
 m - a potion of magic {unknown}


   Skills:
 + Level 2.2 Fighting
 * Level 3.5 Long Blades
 - Level 1.7 Throwing
 + Level 3.1 Dodging


You had 2 spell levels left.
You didn't know any spells.
Your spell library contained the following spells:

 Spells                   Type           Power      Damage    Failure   Level
 Inner Flame              Hex/Fire       0%         N/A       80%         3
 Flame Wave               Conj/Fire      0%         2d4       99%         4
 Sticky Flame             Conj/Fire      0%         2d3       99%         4


Dungeon Overview and Level Annotations

Branches:
Dungeon (2/15)

Annotations:
D:2 Jessica


Innate Abilities, Weirdness & Mutations

You have an increased reservoir of magic. (+10% MP)
You shall have no god before yourself.
Your divine heritage dramatically boosts your attributes as you level up.


Message History

Jessica closely misses you.
You are too injured to fight recklessly!
You are too injured to fight recklessly!
You are too injured to fight recklessly!
You are too injured to fight recklessly!
You are too injured to fight recklessly!
You are too injured to fight recklessly!
You are too injured to fight recklessly!
You are too injured to fight recklessly!
You are too injured to fight recklessly!
There are monsters nearby!
Unknown command.
You closely miss Jessica.
Jessica is severely wounded.
The quokka bites you.
Jessica casts a spell.
Jessica seems to speed up.
You barely miss Jessica.
Jessica is severely wounded.
Jessica mumbles some strange words.
Jessica blinks!
The quokka barely misses you. The quokka bites you.
Unknown command.
You hit the quokka but do no damage. The quokka closely misses you.
You hit the quokka.
You kill the quokka!
Jessica gestures wildly while chanting.
Jessica blinks!
Jessica gestures wildly while chanting.
Jessica blinks!
You see here a frilled lizard corpse.
You slash the rat!
You kill the rat!
Jessica mumbles some strange words.
Jessica blinks!
You closely miss Jessica.
Jessica is severely wounded.
Jessica hits you with a +0 club.
Jessica points at you and mumbles some strange words.
Pain shoots through your body!
You die...

.......# #########.
.......## #........##
..?.....######..........
..........?............#
......................#
#..†.................#
#.....#...##........#
##.....#.#.##...@....#
#..|.....#.....@.....#
##.(.....##......†......
............§........=.#
###.....#.....###.####.#
#....#..>...# .# #
#.###..##...# .. #..#
..##...# ##. ...##
..##...# .## ..# .##


You could see Jessica (fast).

Vanquished Creatures
  A dart slug (D:1)
  5 ball pythons
  4 endoplasms (D:1)
  4 giant cockroaches
  3 goblins (D:1)
  4 hobgoblins (D:1)
  A kobold (D:2)
  5 quokkas
  4 bats
  A frilled lizard (D:2)
  5 rats
37 creatures vanquished.

Notes
Turn   | Place    | Note
-------+----------+-------------------------------------------
     0 | D:1      | Gladio the Demigod Gladiator began the quest for the Orb.
     0 | D:1      | Reached XP level 1. HP: 17/17 MP: 3/3
   126 | D:1      | Reached XP level 2. HP: 24/24 MP: 4/4
   645 | D:2      | Reached XP level 3. HP: 29/29 MP: 5/5
   647 | D:2      | Identified the staff "Elia" {rElec rC++ Str-2 Air}
   741 | D:2      | Noticed Jessica
   755 | D:2      | Killed from afar by Jessica

Illustrated notes

Levels and vault maps discovered:
D:1:      eino_arrival_water_star, layout_rooms, serial_glass, glass_columns_b,
          glass_columns_b, interstate_on_off
D:2:      minmay_angry_zag, layout_rooms, uniq_jessica

Skill      XL: |  1  2 |
---------------+-------+-----
Fighting       | 2 |  2.2
Long Blades    | 3 |  3.5
Dodging        | 3 |  3.1
Throwing       | |  1.7

Action                     || total
---------------------------++-------
  Melee: Long sword        ||    95
   Stab: Sleeping          ||     1
 Armour: Leather armour    ||    53
  Dodge: Dodged            ||    85

Table legend: (Time is in decaauts)
 A = Elapsed time spent in this place.
 B = Non-inter-level travel time spent in this place.
 C = Inter-level travel time spent in this place.
 D = Time resting spent in this place.
 E = Time spent auto-exploring this place.
 F = Levels seen in this place.
 G = Mean time per level.
                   A        B        C        D        E       F      G
               +--------+--------+--------+--------+--------+-----+--------+
         Total |    778 |    770 |      8 |      0 |    537 |   2 |  389.0 |
       Dungeon |    778 |    770 |      8 |      0 |    537 |   2 |  389.0 |
               +--------+--------+--------+--------+--------+-----+--------+

Top non-repeatable levels by time:
     D:1: 650 daAuts
     D:2: 127 daAuts
